 Dungeon Crawl Stone Soup version 0.23-a0-582-g1b4a0ca (webtiles) character file.

862 iamserjio the Ducker (level 8, -4/55 HPs)
             Began as an Octopode Chaos Knight on Dec 16, 2018.
             Was a Plaything of Xom.
             Splashed by a jelly's acid (9 damage)
             ... on level 4 of the Dungeon.
             The game lasted 00:07:54 (3857 turns).

iamserjio the Ducker (Octopode Chaos Knight)        Turns: 3857, Time: 00:07:54

Health: -4/55      AC: -5    Str: 12    XL:     8   Next: 2%
Magic:  8/8        EV: 16    Int: 14    God:    Xom [......]
Gold:   159        SH:  0    Dex: 13    Spells: 7/7 levels left

rFire    . . .     SeeInvis .   a - +0 falchion (chaos)
rCold    . . .     Gourm    +   (no shield)
rNeg     . . .     Faith    .   (helmet restricted)
rPois    .         Spirit   .   e - amulet of the gourmand
rElec    .         Reflect  .   h - +6 ring of protection
rCorr    .         Harm     .   (no ring)
MR       .....                  (no ring)
Stlth    ++........             (no ring)
HPRegen  0.18/turn              (no ring)
MPRegen  0.11/turn              (no ring)
                                (no ring)
                                (no ring)

@: corroded
A: almost no armour, stealthy swim, amphibious, 8 rings, constrict 8, camouflage
1, gelatinous body 1
a: Renounce Religion


You were on level 4 of the Dungeon.
You worshipped Xom.
You were a very special plaything of Xom.
You were completely stuffed.

You visited 1 branch of the dungeon, and saw 5 of its levels.

You collected 159 gold pieces.

Inventory:

Hand Weapons
 a - a +0 falchion of chaos (weapon)
 n - a +4 flail of holy wrath
 v - a +4 spear of flaming
 x - the +2 war axe "Dasoupn" {holy, Stlth+}
   (You found it on level 4 of the Dungeon)

   It has been blessed by the Shining One to cause great damage to the undead
   and demons.
   It makes you more stealthy.
 y - a +1 spear of venom
Missiles
 l - 8 javelins (quivered)
 o - 19 arrows
 r - 11 poisoned needles
Magical Staves
 C - an uncursed staff of cold {unknown}
Jewellery
 e - an amulet of the gourmand (around mantle)
 h - a +6 ring of protection (left tentacle)
 E - the amulet "Zareoll" {+Fly rElec rF- Regen+ Int+4}
   (Xom gifted it to you on level 4 of the Dungeon)

   [amulet of regeneration]

   It affects your intelligence (+4).
   It makes you vulnerable to fire.
   It insulates you from electricity.
   It lets you fly.
   It increases your rate of regeneration.
Wands
 s - a wand of paralysis (8)
Scrolls
 d - a scroll of amnesia {unknown}
 i - a scroll of fog {unknown}
 j - a scroll of noise {unknown}
 p - a scroll of teleportation {unknown}
 q - a scroll of magic mapping {unknown}
 A - 2 scrolls of enchant armour {unknown}
 B - a scroll of remove curse {unknown}
 D - a scroll of enchant weapon {unknown}
Potions
 f - a potion of agility {unknown}
 k - a potion of brilliance {unknown}
 m - a potion of flight {unknown}
 t - a potion of haste {unknown}
 u - 2 potions of curing {unknown}
 w - 2 potions of cancellation
Comestibles
 b - 6 rations
 z - 2 chunks of flesh


   Skills:
 + Level 5.2 Fighting
 + Level 5.3 Long Blades
 * Level 6.6 Dodging


You had 7 spell levels left.
You didn't know any spells.
Your spell library was empty.

Dungeon Overview and Level Annotations

Branches:
Dungeon (5/15)
 Temple: D:4-7

Altars:
Hepliaklqana
Makhleb
Xom


Innate Abilities, Weirdness & Mutations

You cannot wear most types of armour.
You are very stealthy in the water. (Stealth+)
You are amphibious.
You can wear up to eight rings at the same time.
You can use your tentacles to constrict eight enemies at once.
Your skin changes colour to match your surroundings (Stealth+).
Your rubbery body absorbs attacks. (AC +1, EV +1)


Message History

There is a stone staircase leading down here.
You feel much better. Something hits you. The acid corrodes you!
You are splashed with acid!
The acid burns!
Deactivating autopickup; reactivate with Ctrl-A.
Something barely misses you.
You closely miss something. Something hits you.
* * * LOW HITPOINT WARNING * * *
The acid corrodes you!
You are splashed with acid!
The acid burns!
* * * LOW HITPOINT WARNING * * *
Something closely misses you.
Okay, then.
Something barely misses you.
Aiming: Paralyse Nothing appears to happen.
Something hits you.
* * * LOW HITPOINT WARNING * * *
You are splashed with acid!
The acid burns!
You die...
Xom cackles wildly!

#.#...)###...).............#[#...
#.....))...).##..............#...
#########....##......<.....#)....
#....##............+.....
##...##............#.####
#...##....>.......#.##.# #
#...##............#.##.# #
#...##............#....# #
#...##.@..........#.#.## ########
######............###.#
##.....########............# #.#
##.....#...................# #.#
##.....#..................<# #.#
##.....#...................# #.#
##.....#.......############# #.#
##.....#..>....'....# ######.#
.'.....#.......####.# #...##.#


There were no monsters in sight!

Vanquished Creatures
  Sigmund (D:4)
  Edmund (D:4)
  A phantom (D:4)
  3 orc priests
  A hound (D:3)
  A gnoll shaman (D:4)
  An orc wizard (D:4)
  Terence (D:2)
  An iguana (D:3)
  Robin (D:3)
  7 gnolls
  7 adders
  2 worms (D:3)
  2 dart slugs (D:1)
  A leopard gecko (D:1)
  12 orcs
  7 giant cockroaches
  16 goblins
  6 hobgoblins
  11 jackals
  2 quokkas (D:2)
  2 ball pythons
  7 bats
  14 frilled lizards
  6 kobolds
  A leopard gecko skeleton (D:2)
  6 rats
121 creatures vanquished.

Vanquished Creatures (others)
  An orc wizard (D:3)
1 creature vanquished.

Grand Total: 122 creatures vanquished

Notes
Turn   | Place    | Note
-------+----------+-------------------------------------------
     0 | D:1      | iamserjio the Octopode Chaos Knight began the quest for the
                  | Orb.
     0 | D:1      | Reached XP level 1. HP: 16/16 MP: 1/1
    94 | D:1      | Reached XP level 2. HP: 10/21 MP: 2/2
   309 | D:1      | XOM: harmless Chrm miscast
   384 | D:1      | Reached skill level 3 in Dodging
   520 | D:1      | Reached XP level 3. HP: 23/26 MP: 3/3
  1058 | D:2      | Reached XP level 4. HP: 22/31 MP: 4/4
  1304 | D:2      | Found a hazy altar of Hepliaklqana.
  1306 | D:2      | Found a burning altar of Makhleb.
  1345 | D:2      | Found a faded altar of an unknown god.
  1407 | D:2      | Noticed Terence
  1412 | D:2      | XOM: smoke on damage
  1450 | D:2      | XOM: scenery: create altars
  1468 | D:2      | Killed Terence
  1468 | D:2      | Reached skill level 4 in Dodging
  1468 | D:2      | Reached XP level 5. HP: 37/37 MP: 5/5
  1495 | D:2      | XOM: harmless Air miscast
  1623 | D:2      | XOM: cloud trail
  1726 | D:3      | XOM: noise
  1736 | D:3      | XOM: potion effect (invisibility)
  1741 | D:3      | XOM: cast spell 'Cause Fear'
  1784 | D:3      | Reached XP level 6. HP: 37/43 MP: 6/6
  1933 | D:3      | Reached skill level 5 in Dodging
  2234 | D:3      | XOM: harmless Necr miscast
  2330 | D:3      | Noticed Robin
  2351 | D:3      | Killed Robin
  2749 | D:3      | XOM: torment (23/44 hp)
  2953 | D:4      | Got a pitted war axe
  2954 | D:4      | Identified the +2 war axe "Dasoupn" {holy, Stlth+} (You
                  | found it on level 4 of the Dungeon)
  3036 | D:4      | Noticed a phantom
  3065 | D:4      | Killed a phantom
  3065 | D:4      | Reached XP level 7. HP: 32/49 MP: 7/7
  3265 | D:4      | Reached skill level 6 in Dodging
  3400 | D:4      | XOM: god gift: short runed staff {god gift}
  3454 | D:4      | XOM: god gift: pitted copper amulet {god gift}
  3455 | D:4      | Got a pitted copper amulet {god gift}
  3478 | D:4      | Noticed Sigmund
  3487 | D:4      | Killed Sigmund
  3487 | D:4      | Reached skill level 5 in Fighting
  3487 | D:4      | Reached skill level 5 in Long Blades
  3490 | D:4      | Noticed Edmund
  3502 | D:4      | Killed Edmund
  3502 | D:4      | Reached XP level 8. HP: 39/55 MP: 8/8
  3638 | D:4      | XOM: medium Necr miscast
  3792 | D:4      | Identified the amulet "Zareoll" {+Fly rElec rF- Regen+
                  | Int+4} (Xom gifted it to you on level 4 of the Dungeon)
  3818 | D:5      | Entered Level 5 of the Dungeon
  3857 | D:4      | Splashed by a jelly's acid

Vault maps used:
D:1:      ncdulo_smallfort, minmay_misc_feat_rows, minmay_lizard_king
D:2:      gammafunk_temple_overflow_pools,
          chequers_ecumenical_altar_simple_redux, uniq_terence
D:3:      uniq_robin
D:4:      sigmund_edmund_badplayer
D:5:      first_ration, serial_co_window_serial, co_window_paths_a,
          co_window_paths_a, co_window_paths_a, co_window_paths_a,
          co_window_paths_a, co_window_paths_b, co_window_paths_b,
          co_window_of_opportunity_b, co_window_corner_b,
          co_window_of_opportunity_b, glass_columns_b, glass_columns_b,
          glass_columns_b

Skill      XL: |  1  2  3  4  5  6  7 |
---------------+----------------------+-----
Dodging        | 3 4 5 6 |  6.6
Long Blades    | 4 5 |  5.3
Fighting       | 4 5 |  5.2

Action                   |  1- 3 |  4- 6 |  7- 9 || total
-------------------------+-------+-------+-------++-------
Melee: Falchion          |    59 |   147 |    37 ||   243
       Constrict         |    18 |    44 |    12 ||    74
       Tentacles         |    10 |    26 |     8 ||    44
Throw: Javelin           |       |     1 |       ||     1
Evoke: Wand              |       |       |     1 ||     1
  Use: Potion            |       |     1 |     1 ||     2
       Scroll            |       |       |     2 ||     2
 Stab: Sleeping          |     3 |     2 |     3 ||     8
       Invisible         |       |     1 |       ||     1
       Distracted        |       |     2 |       ||     2
       Paralysed         |       |     1 |       ||     1
  Eat: Chunk             |       |    21 |     3 ||    24
Armor: Skin              |     5 |    36 |    15 ||    56
Dodge: Dodged            |    39 |    90 |    21 ||   150
       Rpst.: Falchion   |    11 |    31 |     5 ||    47

Table legend:
 A = Non-vault XP
 B = Vault XP
 C = Vault XP percentage of total XP
 D = Non-vault monster count
 E = Vault monster count
 F = Vault count percentage of total count
                 A         B        C        D         E       F
            +---------+---------+-------+---------+---------+-------
      Total |     784 |     448 |  36.4 |      97 |      25 |  20.5
            +---------+---------+-------+---------+---------+-------
        D:1 |      41 |      12 |  22.6 |      22 |      10 |  31.2
        D:2 |      89 |      38 |  29.9 |      20 |       1 |   4.8
        D:3 |     340 |      35 |   9.3 |      35 |      12 |  25.5
        D:4 |     314 |     363 |  53.6 |      20 |       2 |   9.1
            +---------+---------+-------+---------+---------+-------
